 Dungeon Crawl Stone Soup version 0.31-a0-986-g5e6e4ef867 (webtiles) character file.

Game seed: 11413705485067375523

116 Xavori the Trooper (level 5, -2/36 HPs)
             Began as a Djinni Chaos Knight on Nov 5, 2023.
             Was a Plaything of Xom.
             Killed by nerve-wracking pain
             ... invoked by an orc priest
              (9 damage)
             ... on level 4 of the Dungeon.
             The game lasted 00:02:37 (7043 turns).

Xavori the Trooper (Djinni Chaos Knight)            Turns: 7043, Time: 00:02:37

Health: -2/36      AC:  7    Str:  9    XL:     5   Next: 20%
Gold:   194        EV: 12    Int: 16    God:    Xom [.....*] SH:  4 Dex: 18

rFire   + + .        a - +0 falchion (chaos)
rCold   x . .        l - +0 buckler
rNeg    . . .        b - +2 leather armour
rPois   ∞            (helmet restricted)
rElec   .            (no cloak)
rCorr   .            (no gloves)
SInv    .            (boots unavailable)
Will    .....        (no amulet)
Stlth   +            (no ring)
HPRegen 0.26/turn    (no ring)
MPRegen 0.00/turn

%: infuse magic (-3 HP)
@: flying
A: sickness immunity, fire resistance 2, cold vulnerability 1, float, innate
caster, HP casting, extra vitality 1, antennae 1, iridescent scales 1, agile 1,
clever 1, frail 1, wild magic 1, inability to read after injury 1
a: Renounce Religion


You were on level 4 of the Dungeon.
You worshipped Xom.
You were Xom's teddy bear.
You visited 1 branch of the dungeon, and saw 4 of its levels.

You collected 194 gold pieces.

Inventory:

Hand Weapons
 a - a +0 falchion of chaos (weapon)
Missiles
 n - a throwing net (quivered)
Armour
 b - a +2 leather armour (worn)
 l - a +0 buckler (worn)
Scrolls
 c - a scroll of butterflies
 f - 4 scrolls of identify {unknown}
 h - 2 scrolls of teleportation {unknown}
 k - 2 scrolls of immolation {unknown}
 m - 2 scrolls of fog {unknown}
Potions
 d - 2 potions of attraction {unknown}
 e - a potion of haste {unknown}
 g - a potion of invisibility {unknown}
 i - a potion of ambrosia {unknown}
 j - 2 potions of might {unknown}
 o - a potion of curing {unknown}


   Skills:
 + Level 3.5 Fighting
 + Level 3.1 Long Blades
 + Level 2.0 Armour
 + Level 2.9 Dodging
 + Level 0.7 Shields
 * Level 1.4 Spellcasting
 * Level 1.4 Conjurations
 * Level 1.4 Hexes
   Level 0.0 Charms
 * Level 1.4 Summonings
 * Level 1.4 Necromancy
 * Level 1.4 Translocations
 * Level 1.4 Transmutations
 * Level 1.4 Fire Magic
 * Level 1.4 Ice Magic
 * Level 1.4 Air Magic
 * Level 1.4 Earth Magic
 * Level 1.4 Poison Magic


You knew the following spells:

 Your Spells              Type           Power      Damage    Failure   Level
a - Apportation           Tloc           14%        N/A       34%         1
b - Static Discharge      Conj/Air       14%        3-4/arc   45%         2
Your spell library was empty.

Dungeon Overview and Level Annotations

Branches:
Dungeon (4/15)
 Temple: D:4-7

Altars:


Innate Abilities, Weirdness & Mutations

You are immune to sickness and miasma.
You are immune to poison.
Your flesh is very heat resistant. (rF++)
You are vulnerable to cold. (rC-)
You float through the air rather than walking.
You learn spells naturally, not from books.
Your magical power is your life essence.
You have superior vitality. (+4 MHP)
You have a pair of small antennae on your head.
You are partially covered in iridescent scales. (AC +2)
You are agile. (Dex +4, Str/Int -1)
Your mind is acute. (Int +4, Str/Dex -1)
You are frail. (-10% HP)
Your spells are a little harder to cast, but a little more powerful.
You occasionally lose the ability to read scrolls when taking damage.


Message History

The orc hits you but does no damage.
You hit the orc.
You kill the orc!
The orc priest misses you.
Things that are here:
a +0 mace; a +0 leather armour You barely miss the orc priest.
The orc priest hits you with a +0 short sword.
You closely miss the orc priest.
The orc priest hits you with a +0 short sword.
The orc priest closely misses you.
You barely miss the orc priest. The orc priest closely misses you.
You hit the orc priest.
The orc priest is lightly wounded.
The orc priest hits you but does no damage.
You slash the orc priest!
The orc priest is severely wounded.
The orc priest hits you with a +0 short sword.
You barely miss the orc priest.
The orc priest is severely wounded.
The orc priest hits you with a +0 short sword.
* * * LOW HITPOINT WARNING * * *
The orc priest barely misses you.
You barely miss the orc priest.
The orc priest is severely wounded.
Xom smiles on you. Something appears before you!
You see here a +2 long sword of freezing.
The +2 long sword of freezing erupts in a glittering mayhem of colour.
The orc priest begins to cast a cantrip, but forgets the words!
You hit the orc priest. You drain the orc priest.
The orc priest is almost dead.
The orc priest calls down the wrath of Beogh upon you.
Pain shoots through your body!
* * * LOW HITPOINT WARNING * * *
You barely miss the orc priest.
The orc priest is almost dead.
The orc priest invokes the aid of Beogh against you.
Pain shoots through your body!
You die...

...###...........o.#
#### #.....>....)..#
.. .# ##
#............# .#
#..# # .###
##...........# ..#
#... ##. ...##
#...........#...#
#..#.. ....#
##.........##...#
#.... ....#
##.......##....#
#.o.. ....#
#......o#.....#
#..... ....#
######.#@.....#
#..... ...##
##...#...# #......
..## #...## .#
#...... ..# ##..##
#####.. .## ##..##
### ## ##..# #
##...### ..#
###......## #..#
#.........####..#


You could see an orc priest (very drained).

Vanquished Creatures
  4 adders
  A worm (D:4)
  3 dart slugs
  2 orcs
  9 ball pythons
  5 bats
  5 endoplasms
  A giant cockroach (D:2)
  8 goblins
  8 hobgoblins
  4 jackals (D:4)
  3 kobolds
  3 quokkas
  4 frilled lizards (D:1)
  3 rats
63 creatures vanquished.

Vanquished Creatures (others)
  A bat zombie (D:2)
1 creature vanquished.

Grand Total: 64 creatures vanquished

Notes
Turn   | Place    | Note
-------+----------+-------------------------------------------
     0 | D:1      | Xavori the Djinni Chaos Knight began the quest for the Orb.
     0 | D:1      | Reached XP level 1. HP: 20/20 MP: 0/0
    30 | D:1      | XOM: potion effect (might)
    45 | D:1      | XOM: silly message
    72 | D:1      | XOM: silly message
    73 | D:1      | Reached XP level 2. HP: 25/25 MP: 0/0
    94 | D:1      | XOM: silly message
    96 | D:1      | Found a faded altar of an unknown god.
   251 | D:1      | XOM: silly message
   265 | D:1      | Reached XP level 3. HP: 30/30 MP: 0/0
   265 | D:1      | Learned a level 1 spell: Apportation
   353 | D:1      | XOM: divination: detect items
   852 | D:1      | XOM: divination: detect items
  1296 | D:1      | XOM: divination: detect creatures
  2212 | D:1      | XOM: divination: detect items
  2450 | D:1      | XOM: silly message
  2511 | D:1      | XOM: noise
  2662 | D:1      | XOM is BORED!
  2662 | D:1      | XOM: silly message
  2714 | D:1      | XOM: divination: magic mapping
  2912 | D:1      | XOM is BORED!
  2912 | D:1      | XOM: give mutation
  2912 | D:1      | Gained mutation: Your spells are a little easier to cast,
                  | but a little less powerful. [Xom's mischief]
  3500 | D:1      | XOM: silly message
  3922 | D:1      | XOM: summons 2 hostile demons
  4740 | D:1      | XOM is BORED!
  4740 | D:1      | XOM: stat loss: -3 Int (10/13)
  4781 | D:1      | XOM: give mutations
  4781 | D:1      | Lost mutation: Your spells are a little easier to cast, but
                  | a little less powerful. [Xom's mischief]
  4781 | D:1      | Gained mutation: You are frail. (-10% HP) [Xom's mischief]
  4781 | D:1      | Gained mutation: You occasionally lose the ability to read
                  | scrolls when taking damage. [Xom's mischief]
  5031 | D:1      | XOM: god gift: 4 stones
  5097 | D:1      | XOM: give mutations
  5097 | D:1      | Gained mutation: Your mind is acute. (Int +4, Str/Dex -1)
                  | [Xom's grace]
  5097 | D:1      | Gained mutation: Your spells are a little harder to cast,
                  | but a little more powerful. [Xom's grace]
  5097 | D:1      | Gained mutation: You are partially covered in iridescent
                  | scales. (AC +2) [Xom's grace]
  5212 | D:1      | XOM: 4-stop teleportation journey
  5354 | D:2      | XOM: 2-stop teleportation journey
  5411 | D:2      | Reached skill level 1 in Spellcasting
  5411 | D:2      | Reached skill level 1 in Conjurations
  5411 | D:2      | Reached skill level 1 in Hexes
  5411 | D:2      | Reached skill level 1 in Summonings
  5411 | D:2      | Reached skill level 1 in Necromancy
  5411 | D:2      | Reached skill level 1 in Translocations
  5411 | D:2      | Reached skill level 1 in Transmutations
  5411 | D:2      | Reached skill level 1 in Fire Magic
  5411 | D:2      | Reached skill level 1 in Ice Magic
  5411 | D:2      | Reached skill level 1 in Air Magic
  5411 | D:2      | Reached skill level 1 in Earth Magic
  5411 | D:2      | Reached skill level 1 in Poison Magic
  5485 | D:2      | Reached XP level 4. HP: 31/31 MP: 0/0
  5511 | D:2      | XOM: 1-stop teleportation journey
  5656 | D:2      | XOM: give mutations
  5656 | D:2      | Gained mutation: You have a pair of small antennae on your
                  | head. [Xom's grace]
  5656 | D:2      | Gained mutation: You are agile. (Dex +4, Str/Int -1) [Xom's
                  | grace]
  5795 | D:2      | XOM: god gift: robe {god gift}
  6162 | D:3      | XOM: 1-stop teleportation journey
  6319 | D:3      | XOM: smoke on damage
  6764 | D:4      | XOM: 2-stop teleportation journey
  6811 | D:4      | Reached XP level 5. HP: 36/36 MP: 0/0
  6811 | D:4      | Learned a level 2 spell: Static Discharge
  7020 | D:4      | XOM: polymorph orc priest -> adder
  7026 | D:4      | XOM: enchant monster (good)
  7041 | D:4      | XOM: god gift: +2 long sword of chaos
  7043 | D:4      | Killed from afar by an orc priest

Illustrated notes

Levels and vault maps discovered:
D:1:      minmay_arrival_diagonal_passages, layout_rooms,
          shapermc_ecumenical_altar_notcrosses
D:2:      layout_loops_cross, basic_altar, serial_glass, glass_columns_b,
          glass_columns_a, glass_columns_a, glass_columns_a
D:3:      layout_basic
D:4:      layout_cave_pods, moated_statue

Skill      XL: |  1  2  3  4  5 |
---------------+----------------+-----
Long Blades    | 3 |  3.1
Spellcasting   | 1 |  1.4
Conjurations   | 1 |  1.4
Hexes          | 1 |  1.4
Summonings     | 1 |  1.4
Necromancy     | 1 |  1.4
Translocations | 1 |  1.4
Transmutations | 1 |  1.4
Fire Magic     | 1 |  1.4
Ice Magic      | 1 |  1.4
Air Magic      | 1 |  1.4
Earth Magic    | 1 |  1.4
Poison Magic   | 1 |  1.4
Armour         | 2 |  2.0
Fighting       | |  3.5
Dodging        | |  2.9
Shields        | |  0.7

Action                     |  1- 3 |  4- 6 || total
---------------------------+-------+-------++-------
  Melee: Falchion          |    81 |    87 ||   168
         Punch             |     2 |       ||     2
    Use: Scroll            |       |     1 ||     1
   Stab: Paralysed         |       |     3 ||     3
 Armour: Leather armour    |    55 |    49 ||   104
  Dodge: Dodged            |    77 |    56 ||   133
  Block: Buckler           |       |    14 ||    14

Table legend: (Time is in decaauts)
 A = Elapsed time spent in this place.
 B = Non-inter-level travel time spent in this place.
 C = Inter-level travel time spent in this place.
 D = Time resting spent in this place.
 E = Time spent auto-exploring this place.
 F = Levels seen in this place.
 G = Mean time per level.
                   A        B        C        D        E       F      G
               +--------+--------+--------+--------+--------+-----+--------+
         Total |   7075 |   6941 |    134 |   4652 |   1847 |   4 | 1768.8 |
       Dungeon |   7075 |   6941 |    134 |   4652 |   1847 |   4 | 1768.8 |
               +--------+--------+--------+--------+--------+-----+--------+

Top non-repeatable levels by time:
     D:1: 4937 daAuts
     D:2: 933 daAuts
     D:3: 903 daAuts
     D:4: 301 daAuts
